AoeStats
← Eljardinero4

Arabian Desert

510187624Analyzed
1v1 RM · 14h ago on Sep 29, 2026· 55m 11s· 2 players
Game mode
Random Map
Map size
Tiny (2 player)
Population
200
Speed
Normal
Resources
Standard
Victory
Conquest
Starting age
Dark Age
Ending age
Imperial Age
RankedLock teamsTeams togetherTeam positionsShared explorationLock speedFull tech treeHidden civsTurbo modeCheats
Victory
Defeat
🇺🇸 Wei · United States
1050
+17
🇨🇭 Koreans · Switzerland
1078
-17
victor.shultz
7:53 Loom
9:49 Feudal Age
11:18 Double-Bit Axe
18:17 Horse Collar
19:29 Fletching
20:18 Bloodlines
22:08 Padded Archer Armor
25:05 Castle Age
23:58 Scale Barding Armor
24:11 Gold Mining
24:43 Forging
26:07 Husbandry
27:20 Chain Barding Armor
27:04 Heavy Plow
26:58 Stone Mining
27:24 Bow Saw
28:42 Iron Casting
33:24 Wheelbarrow
33:51 Gold Shaft Mining
36:24 Hand Cart
46:07 Imperial Age
46:28 Elite Tiger Cavalry
48:19 Ming Guang Armor
50:52 Conscription
50:27 Heavy Scorpion
53:14 Blast Furnace
52:20 Bodkin Arrow
55:07 Ballistics
55:47 Chemistry
Eljardinero4
7:21 Loom
10:23 Feudal Age
11:32 Double-Bit Axe
15:01 Horse Collar
16:00 Fletching
23:36 Castle Age
23:28 Gold Mining
23:55 Crossbowman
24:58 Bodkin Arrow
28:01 Wheelbarrow
32:38 Bow Saw
32:31 Heavy Plow
33:16 Scale Mail Armor
33:27 Forging
34:21 Chain Mail Armor
35:14 Squires
36:15 Iron Casting
37:35 Sanctity
42:33 Imperial Age
42:34 Elite Fire Lancer
43:57 Conscription
44:20 Plate Mail Armor
45:26 Hand Cart
44:57 Town Watch
46:44 Bracer
52:45 Block Printing
Connection lost

Rejoining the realm…

Still unreachable

The connection could not be restored.

Session expired

The server has moved on; the page needs a fresh start.